AoeStats
← KG.专业开脑壳

Arena

507469832Analyzed
4v4 RM · 13d ago on Sep 18, 2026· 23m 13s· 8 players
Game mode
Random Map
Map size
Large (8 player)
Population
200
Speed
Normal
Resources
Standard
Victory
Conquest
Starting age
Dark Age
Ending age
Imperial Age
RankedLock teamsTeams togetherTeam positionsShared explorationLock speedFull tech treeHidden civsTurbo modeCheats
Victory
Defeat
🇦🇺 Turks · Australia
1100
+17
🇨🇳 Spanish · China
1099
+17
🇨🇴 Tatars · Colombia
1083
+18
🇺🇸 Teutons · United States
1074
+18
1198
-20
🇨🇳 Magyars · China
1190
-20
🇨🇳 Sicilians · China
1103
-17
🇨🇳 Lithuanians · China
1000
-41
Grimble_Grumble
10:38 Feudal Age
14:58 Castle Age
17:26 Gold Mining
22:06 Imperial Age
20:22 Double-Bit Axe
20:23 Horse Collar
rubendariod01
7:17 Loom
10:46 Feudal Age
11:12 Double-Bit Axe
15:45 Castle Age
14:48 Gold Mining
15:48 Horse Collar
18:38 Bow Saw
20:04 Wheelbarrow
22:02 Stone Mining
'HelloWorld'
10:55 Feudal Age
15:46 Castle Age
19:34 Wheelbarrow
1361331795
0:32 Loom
11:00 Feudal Age
15:43 Castle Age
14:37 Horse Collar
14:43 Double-Bit Axe
精銳萌古騎豬突猛進
10:49 Feudal Age
11:35 Loom
14:57 Castle Age
12:45 Horse Collar
12:52 Double-Bit Axe
23:29 Wheelbarrow
22:43 Town Watch
雾野行卒
10:26 Feudal Age
11:39 Feudal Age
12:47 Double-Bit Axe
15:27 Castle Age
13:34 Horse Collar
15:42 Gold Mining
17:42 Heavy Plow
19:53 Loom
21:33 Wheelbarrow
21:55 Town Watch
22:30 Hand Cart
KG.专业开脑壳
10:58 Feudal Age
12:08 Loom
15:16 Castle Age
13:45 Double-Bit Axe
14:01 Horse Collar
15:57 Wheelbarrow
16:44 Bow Saw
17:27 Heavy Plow
717504720
10:31 Feudal Age
12:45 Bloodlines
14:50 Castle Age
13:23 Double-Bit Axe
13:28 Horse Collar
16:07 Bow Saw
19:23 Heavy Plow
Connection lost

Rejoining the realm…

Still unreachable

The connection could not be restored.

Session expired

The server has moved on; the page needs a fresh start.